 Dungeon Crawl Stone Soup version 0.29.0-15-g675c0067aa (webtiles) character file.

Game seed: 8529682562623713796

735 qw the Chopper (level 7, -4/44 HPs)
             Began as a Gargoyle Fighter on Sept 12, 2022.
             Slain by an ogre
             ... wielding a +0 giant club
              (11 damage)
             ... on level 6 of the Dungeon.
             The game lasted 00:01:33 (5367 turns).

qw the Chopper (Gargoyle Fighter)                   Turns: 5367, Time: 00:01:34

Health: -4/44      AC: 13    Str: 21    XL:     7   Next: 74%
Magic:  7/7        EV:  4    Int:  9    God:
Gold:   103        SH: 12    Dex:  9    Spells: 6/6 levels left

rFire   . . .      SeeInvis .   Y - +0 war axe
rCold   . . .      Faith    .   o - +0 tower shield
rNeg    + . .      Spirit   .   i - +0 chain mail
rPois   inf        Reflect  .   (no helmet)
rElec   +          Harm     .   (no cloak)
rCorr   .          Rampage  .   (no gloves)
Will    .....                   (no boots)
Stlth   ..........              (no amulet)
HPRegen 0.14/turn               (no ring)
MPRegen 0.10/turn               (no ring)

@: about to teleport
A: sickness immunity, AC +4, negative energy resistance 1, electricity
resistance, torment resistance 1, petrification resistance
a: no special abilities


You were on level 6 of the Dungeon.
You visited 1 branch of the dungeon, and saw 6 of its levels.

You collected 317 gold pieces.
You spent 214 gold pieces at shops.


Innate Abilities, Weirdness & Mutations

You are immune to sickness and miasma.
Your stone body is resilient. (AC +4)
You are immune to poison.
You resist negative energy. (rN+)
You are resistant to electric shocks. (rElec)
You are resistant to unholy torment.
You are immune to petrification.


   Skills:
 - Level 4.6 Fighting
 - Level 6.6 Axes
 - Level 3.2 Armour
 - Level 1.0 Dodging
 + Level 4.4 Shields


You had 6 spell levels left.
You didn't know any spells.
Your spell library was empty.

Inventory:

Hand Weapons
 l - a +0 whip
 Y - a +0 war axe (weapon)
Missiles
 g - 2 boomerangs (quivered)
Armour
 i - a +0 chain mail (worn)
 o - a +0 tower shield (worn)
Scrolls
 h - a scroll of teleportation
 m - a scroll of identify
 r - 2 scrolls of blinking
 s - a scroll of enchant armour
Potions
 a - 3 potions of haste
 b - a potion of brilliance {unknown}
 d - 3 potions of might
 e - a potion of mutation {unknown}
 f - 6 potions of curing
 j - a potion of cancellation {unknown}
 n - 3 potions of lignification
 p - a potion of ambrosia {unknown}
 q - a potion of degeneration {unknown}

Dungeon Overview and Level Annotations

Branches:
Dungeon (6/15)
 Temple: D:4-7

Altars:
Fedhas
Xom

Shops:
D:3 !   D:4 !


Message History

You block the scorpion's attack.
You hit the scorpion but do no damage.
The scorpion is almost dead.
You block the scorpion's attack.
The scorpion stings you but does no damage.
You barely miss the scorpion.
The scorpion is almost dead.
The scorpion stings you. You block the scorpion's attack.
You hit the scorpion.
The scorpion is almost dead.
You block the scorpion's attack. The scorpion completely misses you.
You hit the scorpion.
You kill the scorpion!
Your Shields skill increases to level 4!
You start resting.
HP restored.
An ogre comes into view. It is wielding a +0 giant club.
The ogre shouts!
Enter note: Throw: 2 boomerangs
Press: ? - help, Q - select action Shift-Dir - straight line, f - ogre You throw a boomerang.
The boomerang barely misses the ogre.
You barely miss the ogre. The ogre barely misses you.
You hit the ogre but do no damage. The ogre hits you with a +0 giant club.
You slash the ogre!
The ogre is heavily wounded.
The ogre hits you with a +0 giant club!!
You completely miss the ogre.
The ogre is heavily wounded.
The ogre hits you with a +0 giant club!
5366 ||| READING 2 scrolls of teleportation.
As you read the scroll of teleportation, it crumbles to dust.
You feel strangely unstable. The ogre barely misses you.
You hit the ogre.
The ogre is severely wounded.
The ogre hits you with a +0 giant club!
You die...

#.#.#.# ###.#.#.#
.......# ......
....######
.........
#########.O......
.........@########
..................
..........########
..........#
..........#
##############.###
..#............#
#.#.############
#.#.# ########.


You could see an ogre.

Vanquished Creatures
  Eustachio (D:4)
  A black bear (D:4)
  An ogre (D:4)
  2 scorpions
  A jelly (D:4)
  2 hounds
  An orc priest (D:5)
  An iguana (D:6)
  3 gnolls (D:5)
  An adder (D:2)
  An ufetubus (D:5)
  3 worms
  2 dart slugs
  11 orcs
  4 endoplasms
  4 giant cockroaches
  11 hobgoblins
  8 kobolds
  4 quokkas
  8 ball pythons
  8 bats
  3 frilled lizards
  4 goblins
  4 rats
89 creatures vanquished.

Notes
Turn   | Place    | Note
-------+----------+-------------------------------------------
     0 | D:1      | qw the Gargoyle Fighter began the quest for the Orb.
     0 | D:1      | Reached XP level 1. HP: 14/14 MP: 1/1
     0 | D:1      | 0 ||| qw: Version: 0.1-a-119-g272c26d
     0 | D:1      | 0 ||| qw: Game counter: 10826
     0 | D:1      | 0 ||| qw: Always use a shield: true
     0 | D:1      | 0 ||| qw: God list: Okawaru
     0 | D:1      | 0 ||| qw: Allow faded altars: false
     0 | D:1      | 0 ||| qw: Do Orc after D:15 true
     0 | D:1      | 0 ||| qw: Do second Lair branch before Depths: true
     0 | D:1      | 0 ||| qw: Lair rune preference: random
     0 | D:1      | 0 ||| qw: Plans: Normal, Zot, God:TSO, Crypt, Tomb, Pan,
                  | Slime, Hells, Zig, Abyss, Orb
     0 | D:1      | 0 ||| PLANNING D:1-11
    53 | D:1      | Reached skill level 2 in Axes
   253 | D:1      | Reached XP level 2. HP: 19/19 MP: 2/2
   294 | D:1      | 294 ||| Stepping ~*~*~tactically~*~*~ (hiding).
   372 | D:1      | Found a faded altar of an unknown god.
   771 | D:1      | 771 ||| UPGRADING to +0 chain mail.
   781 | D:1      | 781 ||| DROPPING +0 scale mail.
   782 | D:1      | 782 ||| READING scroll labelled FAAMULLA LYUH.
   783 | D:1      | 783 ||| READING scroll labelled MUEWUT WOGROSK.
   876 | D:2      | Found a shimmering altar of Xom.
   884 | D:2      | Reached skill level 3 in Axes
   944 | D:2      | Reached XP level 3. HP: 23/23 MP: 3/3
  1002 | D:2      | 1002 ||| Stepping ~*~*~tactically~*~*~ (stealth).
  1072 | D:2      | Found the +7 staff of the Meek {protect, meekguard}
  1786 | D:2      | 1786 ||| READING scroll labelled QAEDUI WOBEKUI.
  1787 | D:2      | 1787 ||| READING 3 scrolls labelled ZYSKATYTSO.
  1792 | D:2      | 1792 ||| READING scroll labelled QUNA REALU.
  1793 | D:2      | 1793 ||| DRINKING 2 viscous dark potions.
  1794 | D:2      | 1794 ||| DRINKING 2 fuming green potions.
  1795 | D:2      | 1795 ||| DROPPING potion of flight.
  1826 | D:3      | 1826 ||| STAIRDANCE
  1970 | D:3      | Reached XP level 4. HP: 28/28 MP: 4/4
  1970 | D:3      | 1970 ||| Stepping ~*~*~tactically~*~*~ (stealth).
  1971 | D:3      | 1971 ||| Stepping ~*~*~tactically~*~*~ (stealth).
  2086 | D:3      | 2086 ||| DROPPING +0 club.
  2104 | D:3      | Reached skill level 4 in Axes
  2224 | D:3      | Found Sirytony's Distillery.
  2235 | D:3      | 2235 ||| SHOPLISTING 2 potions of mutation (224 gold, have
                  | 191).
  2235 | D:3      | 2235 ||| BUYING potion of curing (42 gold).
  2235 | D:3      | Bought a potion of curing for 42 gold pieces
  2235 | D:3      | 2235 ||| BUYING potion of heal wounds (70 gold).
  2235 | D:3      | Bought a potion of heal wounds for 70 gold pieces
  2235 | D:3      | 2235 ||| BUYING potion of lignification (42 gold).
  2235 | D:3      | Bought a potion of lignification for 42 gold pieces
  2235 | D:3      | 2235 ||| SHOPLISTING potion of mutation (112 gold, have
                  | 37).
  2777 | D:3      | 2777 ||| DROPPING scarf of invisibility.
  2778 | D:3      | 2778 ||| READING scroll labelled PAOMUU RIFO.
  2779 | D:3      | 2779 ||| DRINKING 2 bubbling orange potions.
  2780 | D:3      | 2780 ||| READING 2 scrolls of identify.
  2780 | D:3      | 2780 ||| IDENTIFYING murky clear potion
  2781 | D:3      | 2781 ||| DROPPING potion of invisibility.
  2832 | D:4      | Found Edduc's Distillery.
  2837 | D:4      | 2837 ||| Stepping ~*~*~tactically~*~*~ (stealth).
  2848 | D:4      | 2848 ||| SHOPLISTING 2 potions of haste (200 gold, have
                  | 73).
  2848 | D:4      | 2848 ||| BUYING potion of curing (30 gold).
  2848 | D:4      | Bought a potion of curing for 30 gold pieces
  2848 | D:4      | 2848 ||| BUYING potion of curing (30 gold).
  2848 | D:4      | Bought a potion of curing for 30 gold pieces
  2848 | D:4      | 2848 ||| SHOPLISTING potion of curing (30 gold, have 13).
  2848 | D:4      | 2848 ||| SHOPLISTING potion of haste (100 gold, have 13).
  2909 | D:4      | Noticed Eustachio
  2935 | D:4      | HP: 7/28 [Eustachio/+0 rapier (3)]
  2936 | D:4      | 2936 ||| READING 4 scrolls of teleportation.
  2936 | D:4      | HP: 3/28 [Eustachio/+0 rapier (1)]
  2937 | D:4      | 2937 ||| DRINKING 2 potions of heal wounds.
  3021 | D:4      | Noticed an ogre
  3027 | D:4      | Killed an ogre
  3028 | D:4      | Reached skill level 5 in Axes
  3028 | D:4      | Reached XP level 5. HP: 11/32 MP: 5/5
  3364 | D:4      | Noticed a black bear
  3374 | D:4      | Killed a black bear
  3375 | D:4      | Reached XP level 6. HP: 13/39 MP: 6/6
  3659 | D:4      | Found a blossoming altar of Fedhas.
  3809 | D:4      | Killed Eustachio
  3810 | D:4      | Reached skill level 6 in Axes
  3810 | D:4      | Reached XP level 7. HP: 27/44 MP: 7/7
  4031 | D:4      | 4031 ||| READING scroll labelled QYLUETREMYI.
  4032 | D:4      | 4032 ||| READING 3 scrolls labelled ZIALIP OBOFF.
  4076 | D:5      | Entered Level 5 of the Dungeon
  4235 | D:5      | 4235 ||| Stepping ~*~*~tactically~*~*~ (stealth).
  4353 | D:5      | 4353 ||| Stepping ~*~*~tactically~*~*~ (stealth).
  4355 | D:5      | 4355 ||| Stepping ~*~*~tactically~*~*~ (stealth).
  4360 | D:5      | Reached skill level 1 in Dodging
  4469 | D:5      | 4469 ||| Stepping ~*~*~tactically~*~*~ (hiding).
  4476 | D:5      | 4476 ||| Stepping ~*~*~tactically~*~*~ (stealth).
  4617 | D:5      | 4617 ||| Stepping ~*~*~tactically~*~*~ (hiding).
  4621 | D:5      | 4621 ||| Stepping ~*~*~tactically~*~*~ (stealth).
  4701 | D:5      | 4701 ||| FLEEEEING.
  5029 | D:5      | 5029 ||| UPGRADING to +0 tower shield.
  5039 | D:5      | 5039 ||| DROPPING +0 buckler.
  5040 | D:5      | 5040 ||| READING scroll labelled MELASY ROHUY.
  5165 | D:6      | HP: 9/44 [orc priest/divine providence (11)]
  5166 | D:6      | 5166 ||| READING 3 scrolls of teleportation.
  5167 | D:6      | 5167 ||| DRINKING potion of heal wounds.
  5365 | D:6      | HP: 7/44 [ogre/+0 giant club (15)]
  5366 | D:6      | 5366 ||| READING 2 scrolls of teleportation.
  5367 | D:6      | Slain by an ogre

Levels and vault maps discovered:
D:1:      dpeg_arrival_refuge, layout_loops_ring,
          hellmonk_ecumenical_altar_arch_garden
D:2:      layout_basic, basic_altar, nrook_mini_backslash
D:3:      layout_loops_cross, serial_shops, nicolae_shop_stone
D:4:      layout_loops_cross, overflow_temple_1_default, serial_shops, shop,
          uniq_eustachio
D:5:      layout_basic, small_statue_intersection, minmay_crossroads
D:6:      layout_basic, uniq_maggie, uniq_edmund, uniq_sigmund

Skill      XL: |  1  2  3  4  5  6  7 |
---------------+----------------------+-----
Axes           | 2 3 5 6 |  6.6
Fighting       | 4 |  4.6
Dodging        | 1 |  1.0
Shields        | 4 |  4.4
Armour         | |  3.2

Action                   |  1- 3 |  4- 6 |  7- 9 || total
-------------------------+-------+-------+-------++-------
Melee: War axe           |   105 |   107 |    76 ||   288
Throw: Boomerang         |    34 |    38 |    10 ||    82
  Use: Scroll            |     5 |     3 |     5 ||    13
       Potion            |     2 |     2 |     1 ||     5
Armor: Scale mail        |    41 |       |       ||    41
       Chain mail        |    34 |    96 |    56 ||   186
Dodge: Dodged            |    56 |    63 |    36 ||   155
Block: Buckler           |    25 |    29 |    18 ||    72
       Tower shield      |       |       |    23 ||    23

Table legend:
 A = Non-vault XP
 B = Vault XP
 C = Vault XP percentage of total XP
 D = Non-vault monster count
 E = Vault monster count
 F = Vault count percentage of total count
                 A         B        C        D         E       F
            +---------+---------+-------+---------+---------+-------
      Total |     847 |     204 |  19.4 |      87 |       2 |   2.2
            +---------+---------+-------+---------+---------+-------
        D:1 |      26 |       0 |   0.0 |      15 |       0 |   0.0
        D:2 |      51 |       0 |   0.0 |      21 |       0 |   0.0
        D:3 |      40 |       0 |   0.0 |      20 |       0 |   0.0
        D:4 |     317 |     196 |  38.2 |      13 |       1 |   7.1
        D:5 |     239 |       8 |   3.2 |      14 |       1 |   6.7
        D:6 |     174 |       0 |   0.0 |       4 |       0 |   0.0
            +---------+---------+-------+---------+---------+-------
